 Dungeon Crawl Stone Soup version 0.29.1-15-g9cfb28693d (webtiles) character file.

Game seed: 15323881231134325809

3816 Mune the Thaumaturge (level 9, -3/45 HPs)
             Began as a Deep Elf Conjurer on Mar 12, 2023.
             Was a Believer of Vehumet.
             Hit by a large rock thrown by a cyclops (26 damage)
             ... on level 8 of the Dungeon.
             The game lasted 00:32:51 (8652 turns).

Mune the Thaumaturge (Deep Elf Conjurer)            Turns: 8652, Time: 00:32:52

Health: -3/45      AC: 14    Str: 10    XL:     9   Next: 97%
Magic:  19/27      EV: 17    Int: 28    God:    Vehumet [**....]
Gold:   509        SH:  0    Dex: 18    Spells: 10/32 levels left

rFire   . . .      SeeInvis .   j - +0 short sword (drain)
rCold   . . .      Faith    .   (no shield)
rNeg    + . .      Spirit   .   a - +0 robe
rPois   .          Reflect  .   A - +0 helmet
rElec   .          Harm     .   E - +0 cloak
rCorr   .          Rampage  .   e - +0 pair of gloves
Will    .....                   m - +0 pair of boots
Stlth   ++........              v - amulet of regeneration
HPRegen 0.95/turn               w - ring of the Tortoise {AC+8}
MPRegen 0.20/turn               F - ring of Bung {Contam rN+ Str+6 Dex+5}

@: no status effects
A: no striking features
a: Renounce Religion


You were on level 8 of the Dungeon.
You worshipped Vehumet.
Vehumet was pleased with you.
You visited 2 branches of the dungeon, and saw 9 of its levels.

You collected 509 gold pieces.

Inventory:

Hand Weapons
 g - a +2 antimagic halberd
 j - a +0 short sword of draining (weapon)
Missiles
 b - a throwing net
Armour
 a - a +0 robe (worn)
 e - a +0 pair of gloves (worn)
 m - a +0 pair of boots (worn)
 A - a +0 helmet (worn)
 E - a +0 cloak (worn)
Magical Staves
 J - a staff of death
Jewellery
 o - a ring of protection from cold
 v - an amulet of regeneration (around neck)
 w - the ring of the Tortoise (left hand) {AC+8}
   (You found it on level 4 of the Dungeon)

   [ring of protection]

   AC:        It affects your AC (+8).
 D - a ring of see invisible
 F - the ring of Bung (right hand) {Contam rN+ Str+6 Dex+5}
   (You found it on level 6 of the Dungeon)

   [ring of strength]

   Str:       It affects your strength (+6).
   Dex:       It affects your dexterity (+5).
   rN:        It protects you from negative energy.
   Contam:    It causes magical contamination when unequipped.
Wands
 r - a wand of mindburst (14)
Scrolls
 f - a scroll of noise {unknown}
 k - 3 scrolls of teleportation
 n - 2 scrolls of amnesia
 q - 2 scrolls of blinking {unknown}
 s - a scroll of magic mapping {unknown}
 u - 2 scrolls of immolation
 x - 2 scrolls of enchant weapon
 y - a scroll of vulnerability {unknown}
 B - a scroll of brand weapon {unknown}
 C - a scroll of enchant armour {unknown}
 I - 3 scrolls of poison {unknown}
Potions
 c - a potion of curing {unknown}
 d - 3 potions of mutation
 h - a potion of heal wounds
 i - 2 potions of might {unknown}
 l - 3 potions of lignification {unknown}
 p - 2 potions of attraction
 t - 2 potions of brilliance {unknown}
 z - a potion of haste {unknown}
 G - a potion of degeneration {unknown}
 H - a potion of magic


   Skills:
 + Level 8.0 Dodging
 - Level 2.4 Stealth
 * Level 12.1 Spellcasting
 * Level 10.9 Conjurations


You had 10 spell levels left.
You knew the following spells:

 Your Spells              Type           Power      Damage    Failure   Level
a - Magic Dart            Conj           100%       1d8       1%          1
b - Searing Ray           Conj           100%       2d8       1%          2
c - Fulminant Prism       Conj/Hex       23%        3d13      3%          4
d - Sticky Flame          Conj/Fire      47%        2d6       3%          4
e - Shock                 Conj/Air       100%       1d9       1%          1
f - Iskenderun's Mystic   Conj/Tloc      47%        2d10      3%          4
g - Foxfire               Conj/Fire      100%       2x1d9     1%          1
h - Fireball              Conj/Fire      23%        3d11      10%         5

Your spell library contained the following spells:

 Spells                   Type           Power      Damage    Failure   Level
 Poisonous Vapours        Pois/Air       34%        N/A       4%          2
 Conjure Flame            Conj/Fire      47%        6-21      1%          3
 Dazzling Flash           Conj/Hex       94%        N/A       1%          3
 Ignite Poison            Fire/Tmut/Pois 17%        N/A       10%         3
 Swiftness                Air            17%        N/A       10%         3
 Airstrike                Air            8%         2d(2-18)  32%         4
 Passage of Golubria      Tloc           17%        N/A       32%         4
 Disjunction              Tloc           8%         N/A       100%        8


Dungeon Overview and Level Annotations

Branches:
Dungeon (8/15)             Temple (1/1) D:4
   Lair: D:8-11

Altars:
Dithmenos
Elyvilon
Fedhas
Gozag
Hepliaklqana
Kikubaaqudgha
Makhleb
Nemelex Xobeh
Okawaru
Qazlal
Trog
Vehumet
Wu Jian
Yredelemnul
Zin


Message History

Magic courses through your body.
The centaur warrior shoots an arrow.
The arrow misses you.
Casting: Fulminant Prism (dangerous; 4% risk of failure)
Confirm with . or Enter, or press ? or * to list all spells.
Aiming: Fulminant Prism (dangerous; 4% risk of failure)
Press: ? - help, Dir - move target You conjure a prism of explosive energy!
A fulminant prism comes into view.
The centaur warrior shoots an arrow.
The arrow hits you!
The centaur warrior unwields a +0 longbow.
The centaur warrior wields a staff of death.
The centaur warrior hits you but does no damage.
You writhe in agony.
The centaur warrior kicks you but does no damage.
You hear a loud crackle.
Things that are here:
a +0 dagger; a +0 robe; an orc corpse
Casting: Fulminant Prism (dangerous; 4% risk of failure)
Confirm with . or Enter, or press ? or * to list all spells.
You erupt in a blast of force!
The mystic blast hits the centaur warrior!
The centaur warrior is heavily wounded.
The centaur warrior is knocked back by the mystic blast.
The centaur warrior slams into the stone wall!
The centaur warrior is severely wounded.
The centaur warrior hits you with a staff of death!
You writhe in agony.
The centaur warrior kicks you but does no damage.
You hear an explosion!
The blast of energy engulfs the centaur warrior!!
You kill the centaur warrior!
Vehumet accepts your kill.
Your Dodging skill increases to level 8!
Your Spellcasting skill increases to level 12!
The cyclops throws a large rock.
The large rock closely misses you.
Items here: $ )) ?? | ††.
J - a staff of death The cyclops throws a large rock.
The large rock hits you!!
Ouch! That really hurt!
You die...

### .. ## .. #. .###
.###. . . .#. ##.#.
.## # #.. #...# ..#
#####...#...#####...#
#...#...#...#...#...#
.....#.###.#.....#
#...###...###..)###
.####...### ####@.#
.......## ##..).##
#.....## #....##
####### #....# #...##
#.)## #.C# . #..# ..
#..# #...


You could see a cyclops.

Vanquished Creatures
  A centaur warrior (D:8)
  A gargoyle (D:8)
  A komodo dragon (D:8)
  An acid dragon (D:8)
  A water moccasin (D:5)
  An ice beast (D:6)
  2 orc warriors
  A black bear (D:5)
  A sky beast (D:6)
  2 phantoms
  3 bullfrogs (D:7)
  4 necrophages
  5 scorpions
  4 howler monkeys (D:8)
  A quasit (D:6)
  6 hounds
  A jelly (D:6)
  2 gnoll boudas
  2 orc priests
  An iguana (D:5)
  9 orc wizards
  7 adders
  7 gnolls (D:5)
  4 shadow imps (D:6)
  5 white imps
  7 ufetubi
  A worm (D:2)
  5 dart slugs
  23 orcs
  6 ball pythons
  10 endoplasms
  4 giant cockroaches
  3 goblins
  8 hobgoblins
  8 jackals (D:2)
  3 quokkas
  4 bats
  2 frilled lizards (D:1)
  4 kobolds
  2 rats
  A foxfire (D:8)
164 creatures vanquished.

Vanquished Creatures (others)
  15 demonic plants (D:6)
  44 foxfires
  19 fulminant prisms
  A plant (D:8)
79 creatures vanquished.

Grand Total: 243 creatures vanquished

Notes
Turn   | Place    | Note
-------+----------+-------------------------------------------
     0 | D:1      | Mune the Deep Elf Conjurer began the quest for the Orb.
     0 | D:1      | Reached XP level 1. HP: 10/10 MP: 6/6
   194 | D:1      | Reached XP level 2. HP: 15/15 MP: 6/8
   393 | D:1      | Learned a level 2 spell: Searing Ray
   917 | D:2      | Found a faded altar of an unknown god.
  1032 | D:2      | Found an ancient bone altar of Kikubaaqudgha.
  1058 | D:2      | Reached XP level 3. HP: 19/19 MP: 5/10
  1154 | D:2      | Reached skill level 4 in Spellcasting
  1269 | D:2      | Reached skill level 5 in Conjurations
  1601 | D:3      | Got the Tome of Flaming Transposition
  1708 | D:3      | Noticed a necrophage
  1718 | D:3      | Killed a necrophage
  1719 | D:3      | Reached XP level 4. HP: 10/24 MP: 1/12
  1724 | D:3      | Learned a level 4 spell: Fulminant Prism
  1729 | D:3      | Learned a level 4 spell: Sticky Flame
  2027 | D:3      | Reached skill level 5 in Spellcasting
  2291 | D:3      | Found a bloodstained altar of Trog.
  2515 | D:4      | Reached XP level 5. HP: 28/28 MP: 11/14
  2748 | D:4      | Found the ring of the Tortoise {AC+8}
  2957 | D:4      | Found a staircase to the Ecumenical Temple.
  3111 | Temple   | Entered the Ecumenical Temple
  3211 | Temple   | Became a worshipper of Vehumet
  4013 | D:4      | Found an ornate altar of the Wu Jian Council.
  4037 | D:5      | Entered Level 5 of the Dungeon
  4072 | D:5      | Reached XP level 6. HP: 32/32 MP: 9/16
  4184 | D:5      | Reached skill level 6 in Spellcasting
  4352 | D:5      | Noticed a water moccasin
  4358 | D:5      | Killed a water moccasin
  4532 | D:5      | Reached XP level 7. HP: 32/36 MP: 10/19
  4658 | D:5      | Reached * piety under Vehumet
  4658 | D:5      | Offered knowledge of Shock by Vehumet.
  4659 | D:5      | Reached skill level 7 in Spellcasting
  4662 | D:5      | Learned a level 1 spell: Shock
  4667 | D:5      | Learned a level 4 spell: Iskenderun's Mystic Blast
  4786 | D:5      | Found a shadowy altar of Dithmenos.
  4789 | D:5      | Found an opulent altar of Gozag.
  4812 | D:5      | Reached skill level 5 in Dodging
  5114 | D:5      | Reached skill level 8 in Spellcasting
  5216 | D:5      | Found an iron altar of Okawaru.
  5757 | D:6      | Reached XP level 8. HP: 38/41 MP: 11/22
  6015 | D:6      | Reached skill level 9 in Spellcasting
  6294 | D:6      | Identified the ring of Bung {Contam rN+ Str+6 Dex+5}
  6614 | D:6      | Offered knowledge of Foxfire by Vehumet.
  6624 | D:6      | Reached ** piety under Vehumet
  6841 | D:5      | Learned a level 1 spell: Foxfire
  7348 | D:7      | Reached skill level 10 in Spellcasting
  7372 | D:7      | Reached XP level 9. HP: 45/45 MP: 2/25
  7520 | D:7      | Offered knowledge of Poisonous Vapours by Vehumet.
  7640 | D:7      | Learned a level 5 spell: Fireball
  8261 | D:8      | Noticed a gargoyle
  8268 | D:8      | Killed a gargoyle
  8269 | D:8      | Reached skill level 11 in Spellcasting
  8269 | D:8      | Reached skill level 10 in Conjurations
  8612 | D:8      | Noticed a two-headed ogre
  8612 | D:8      | Noticed a komodo dragon
  8612 | D:8      | Noticed a cyclops
  8640 | D:8      | Killed a komodo dragon
  8644 | D:8      | Noticed a centaur warrior
  8649 | D:8      | Killed a centaur warrior
  8650 | D:8      | Reached skill level 12 in Spellcasting
  8652 | D:8      | Hit by a large rock thrown by a cyclops

Illustrated notes

Levels and vault maps discovered:
D:1:      sevenhm_arrival_forest_fort_large_4, layout_rooms, minmay_domino_2
D:2:      layout_rooms, ebering_ecumenical_altar_box, basic_altar,
          chequers_serial_rivers_marsh, hangedman_decor_lopped,
          minmay_split_cup_small
D:3:      layout_rooms, trog_book
D:4:      minmay_inner_zag, layout_cave_pods,
          nicolae_wu_jian_immortal_techniques, minmay_temple_entry_mist
D:5:      layout_loops_corners, kennysheep_mini, nicolae_overflow_squiral
D:6:      layout_loops_ring, serial_demonic, serial_demonic_g, serial_demonic_g,
          serial_demonic_f, serial_demonic_g, serial_demonic_f,
          serial_demonic_d, serial_demonic_e, serial_demonic_c,
          kennysheep_small_circle
D:7:      layout_loops_ring
D:8:      nicolae_cairo_tiling, layout_layer_cave, serial_bayou_pond_a,
          st_stairs_6, dreamdust_wishing_well, minmay_evil_grid
Temple:   dpeg_three_leaves_temple

Skill      XL: |  1  2  3  4  5  6  7  8  9 |
---------------+----------------------------+-----
Spellcasting   | 4 5 6 8 10 12 | 12.1
Dodging        | 3 4 5 6 8 |  8.0
Conjurations   | 5 6 7 9 10 | 10.9
Stealth        | |  2.4

Action                   |  1- 3 |  4- 6 |  7- 9 || total
-------------------------+-------+-------+-------++-------
Melee: Short sword       |       |     3 |     7 ||    10
 Cast: Magic Dart        |    82 |    97 |   273 ||   452
       Fulminant Prism   |       |     4 |    15 ||    19
       Searing Ray       |       |     7 |    10 ||    17
       Sticky Flame      |       |       |     2 ||     2
       Foxfire           |       |       |    28 ||    28
       Shock             |       |       |     1 ||     1
       Iskenderun's Myst |       |       |     5 ||     5
  Use: Scroll            |       |     4 |     3 ||     7
       Potion            |       |       |     3 ||     3
Armor: Robe              |     1 |     9 |    40 ||    50
Dodge: Dodged            |     3 |    16 |    73 ||    92
